 Dungeon Crawl Stone Soup version 0.30-a0-760-g5a9884bb7c (webtiles) character file.

Game seed: 6359343930576642470

7887 boo the Carver (level 11, -1/101 HPs)
             Began as a Minotaur Fighter on Feb 11, 2023.
             Was a Priest of Okawaru.
             Slain by a large abomination (18 damage)
             ... on level 2 of the Abyss.
             The game lasted 00:18:46 (10466 turns).

boo the Carver (Minotaur Fighter)                  Turns: 10466, Time: 00:18:47

Health: -1/101     AC: 17    Str: 20    XL:     11   Next: 2%
Magic:  7/7        EV: 11    Int:  9    God:    Okawaru [***...]
Gold:   588        SH:  5    Dex: 10    Spells: 10/10 levels left

rFire   x . .      SeeInvis .    G - +3 long sword
rCold   + + .      Faith    .    c - +0 buckler
rNeg    . . .      Spirit   .    E - +0 plate armour "Zehabiah" {rPois rC+}
rPois   +          Reflect  .    (helmet restricted)
rElec   +          Harm     .    (no cloak)
rCorr   .          Rampage  .    a - +1 pair of gloves
Will    .....                    (no boots) Stlth
                                 (no amulet)
HPRegen 0.36/turn                s - ring "Maotat" {Ice rElec Str-5 Int+4 Slay+5}
MPRegen 0.10/turn                J - +5 ring of evasion

@: no status effects
A: horns 2, retaliatory headbutt, [low MP 2], [subdued magic 2]
a: Renounce Religion, Heroism


You were on level 2 of the Abyss.
You worshipped Okawaru.
Okawaru was most pleased with you.
You visited 1 branch of the dungeon, and saw 10 of its levels.
You visited the Abyss 1 time.
You also visited: Sewer and Ossuary.

You collected 588 gold pieces.

Inventory:

Hand Weapons
 l - a +1 long sword of electrocution
 F - a +2 long sword of protection
 G - a +3 long sword (weapon)
Armour
 a - a +1 pair of gloves (worn)
 c - a +0 buckler (worn)
 B - +0 acid dragon scales
 E - the +0 plate armour "Zehabiah" (worn) {rPois rC+}
   (You found it on level 6 of the Dungeon)

   rC:        It protects you from cold.
   rPois:     It protects you from poison.
Jewellery
 b - an amulet of faith
 s - the ring "Maotat" (left hand) {Ice rElec Str-5 Int+4 Slay+5}
   (You found it on level 2 of the Dungeon)

   [ring of ice]

   It enhances your ice magic.
   Str:       It affects your strength (-5).
   Int:       It affects your intelligence (+4).
   Slay:      It affects your accuracy & damage with ranged weapons and melee
   (+5).
   rF:        It makes you vulnerable to fire.
   rC:        It protects you from cold.
   rElec:     It insulates you from electricity.
 I - an amulet of the acrobat
 J - a +5 ring of evasion (right hand)
Wands
 v - a wand of quicksilver (5)
 y - a wand of flame (32)
Scrolls
 e - 3 scrolls of poison
 i - a scroll of brand weapon
 j - 2 scrolls of blinking
 n - 2 scrolls of fog
 o - 2 scrolls of immolation
 r - 2 scrolls of enchant weapon
 A - 4 scrolls of enchant armour
 C - 2 scrolls of teleportation
 D - 2 scrolls of acquirement
 H - a scroll of magic mapping
Potions
 d - 3 potions of might
 f - 5 potions of mutation
 g - 5 potions of flight
 h - 5 potions of lignification
 k - 5 potions of curing {unknown}
 m - a potion of degeneration {unknown}
 p - a potion of ambrosia {unknown}
 q - 4 potions of invisibility {unknown}
 t - 4 potions of heal wounds {unknown}
 u - 2 potions of berserk rage
 w - a potion of haste {unknown}
 x - 2 potions of cancellation {unknown}
 z - 6 potions of attraction {unknown}


   Skills:
 + Level 10.8 Fighting
 * Level 14.1 Long Blades
 + Level 10.7 Armour
 - Level 5.0 Shields


You had 10 spell levels left.
You didn't know any spells.
Your spell library contained the following spells:

 Spells                   Type           Power      Damage    Failure   Level
 Freeze                   Ice            0%         1d3       100%        1
 Magic Dart               Conj           0%         1d3       100%        1
 Frozen Ramparts          Ice            0%         1d1       100%        3
 Hailstorm                Conj/Ice       0%         3d3       100%        3
 Ignite Poison            Fire/Tmut/Pois 0%         N/A       100%        3
 Mephitic Cloud           Conj/Pois/Air  0%         N/A       100%        3
 Vhi's Electric Charge    Tloc/Air       0%         N/A       100%        3
 Sticky Flame             Conj/Fire      0%         2d3       100%        4
 Arcjolt                  Conj/Air       0%         1d10      100%        5
 Ignition                 Fire           0%         3d3       100%        8
 Maxwell's Capacitive Co  Air            0%         ∞         100%        8
 Summon Small Mammal      Summ           Unusable   N/A       N/A         1
 Call Imp                 Summ           Unusable   N/A       N/A         2
 Call Canine Familiar     Summ           Unusable   N/A       N/A         3
 Summon Guardian Golem    Hex/Summ       Unusable   N/A       N/A         3

Dungeon Overview and Level Annotations

Branches:
Dungeon (10/15)            Temple (0/1) D:5            Lair (0/5) D:8
  Sewer (visited)         Ossuary (visited)
    Orc: D:9-12

Altars:
Cheibriados
Dithmenos
Fedhas
Hepliaklqana
Kikubaaqudgha
Makhleb
Nemelex Xobeh
Okawaru
Qazlal
Ru
Sif Muna
Trog
Vehumet
Wu Jian
Yredelemnul
The Shining One
Jiyva

Annotations:
D:8 2 transporters
D:10 Sonja


Innate Abilities, Weirdness & Mutations

You have a pair of horns on your head.
You reflexively headbutt those who attack you in melee.
[Your magical capacity is very low. (-20% MP)]
[Your spells are easier to cast, but less powerful.]


Message History

The wretched star is moderately damaged.
The wretched star glows turbulently.
The lance of force misses you.
You can no longer speed up your combat.
You closely miss the wretched star. You headbutt the wretched star!
The wretched star is heavily damaged.
The wretched star pulses with an eldritch light!
You feel less energetic. x2
You closely miss the wretched star.
The wretched star is heavily damaged.
You barely miss the wretched star.
The wretched star is heavily damaged.
You slash the wretched star!
The wretched star is heavily damaged.
You slice the wretched star!!
The wretched star is almost destroyed.
The wretched star pulses with an eldritch light!
Your connection to magic feels subdued.
Your connection to magic feels more subdued.
You barely miss the wretched star.
The wretched star is almost destroyed.
You hit the wretched star.
The wretched star is almost destroyed.
You feel like a meek peon again.
The wretched star glows turbulently.
The lance of force hits you!!
You are knocked back by the lance of force.
You hit the large abomination but do no damage.
The large abomination hits you!
* * * LOW HITPOINT WARNING * * *
You slash the large abomination!
The large abomination is moderately damaged.
You hit the large abomination.
You headbutt the large abomination, but do no damage.
The large abomination is heavily damaged.
The wretched star glows turbulently.
The lance of force hits you!
* * * LOW HITPOINT WARNING * * *
The large abomination hits you!!
You die...

# #. . ...####. #.
..##### . .
.#...#.. ... . .
.#.#...........#...
. ......#. #.#.. #.
..#.#...##. ..#. .
#.#...##.#.. #..
#....##.#... #..
.#..X@# # .##.#.
#....*..## # . ..
#.#...#..## # . .
.. #.##.#..##..# ..
## #....###.## .# .
..# ... ........
#....#.. .##. # ##.
... . .... #. ..
....


You could see a wretched star and a large abomination.

Vanquished Creatures
  2 two-headed ogres (D:9)
  A kobold demonologist (D:10)
  A hornet (D:9)
  A slime creature (D:5)
  A shadow (D:10)
  7 yaks
  A large abomination (Abyss:1)
  Menkaure (D:5)
  An acid dragon (D:8)
  A small abomination (Abyss:2)
  A water moccasin (D:5)
  An orc warrior (D:8)
  2 ice beasts
  Pargi (Sewer)
  An ogre (D:4)
  3 centaurs
  A phantom (D:4)
  2 kobold brigands
  7 elf zombies (Ossuary)
  6 bullfrogs
  4 scorpions
  5 wights (D:6)
  22 killer bees
  2 howler monkeys (D:9)
  2 electric eels (D:9)
  A centaur zombie (Ossuary)
  3 hounds (D:4)
  2 orc priests (D:7)
  6 jellies
  4 human zombies (Ossuary)
  2 gnoll boudas
  2 iguanas (D:5)
  An orc wizard (D:8)
  3 mummies (Ossuary)
  8 gnolls
  16 adders
  3 ufetubi
  3 worms
  23 orcs
  13 bats
  7 endoplasms
  4 giant cockroaches
  8 goblins
  4 hobgoblins
  6 jackals
  13 kobolds
  2 quokkas (D:2)
  6 ball pythons
  2 frilled lizards (D:3)
  5 rats
224 creatures vanquished.

Vanquished Creatures (others)
  A bush (D:10)
  5 fungi (D:5)
  6 toadstools (D:5)
12 creatures vanquished.

Grand Total: 236 creatures vanquished

Notes
Turn   | Place    | Note
-------+----------+-------------------------------------------
     0 | D:1      | boo the Minotaur Fighter began the quest for the Orb.
     0 | D:1      | Reached XP level 1. HP: 19/19 MP: 0/0
   247 | D:1      | Reached XP level 2. HP: 27/27 MP: 1/1
   546 | D:1      | Reached skill level 3 in Long Blades
   698 | D:1      | Reached XP level 3. HP: 31/33 MP: 2/2
   952 | D:2      | Identified the +1 helmet of the Equinox {Str+7 Dex-5}
  1094 | D:2      | Identified the ring "Maotat" {Ice rElec Str-5 Int+4 Slay+5}
  1152 | D:2      | Reached XP level 4. HP: 34/40 MP: 3/3
  1307 | D:3      | Reached skill level 4 in Long Blades
  1488 | D:3      | Found a sacrificial altar of Ru.
  1718 | D:3      | Found a faded altar of an unknown god.
  1779 | D:3      | Found a glowing drain.
  1797 | D:3      | Reached XP level 5. HP: 45/47 MP: 4/4
  1811 | Sewer    | Entered a sewer
  1837 | Sewer    | Noticed Pargi
  1849 | Sewer    | Killed Pargi
  1850 | Sewer    | Reached skill level 5 in Long Blades
  2206 | D:4      | Reached skill level 5 in Fighting
  2206 | D:4      | Reached skill level 5 in Armour
  2206 | D:4      | Reached XP level 6. HP: 56/56 MP: 5/5
  2421 | D:4      | Reached skill level 5 in Shields
  2558 | D:4      | Reached skill level 6 in Long Blades
  2611 | D:4      | Reached XP level 7. HP: 57/61 MP: 6/6
  2768 | D:4      | Found an ancient bone altar of Kikubaaqudgha.
  2768 | D:4      | Found an iron altar of Okawaru.
  2768 | D:4      | Found a snail-covered altar of Cheibriados.
  2773 | D:4      | Found a radiant altar of Vehumet.
  2774 | D:4      | Found a stormy altar of Qazlal.
  2775 | D:4      | Became a worshipper of Warmaster Okawaru
  2777 | D:4      | Found a bloodstained altar of Trog.
  2780 | D:4      | Found a shimmering blue altar of Sif Muna.
  2781 | D:4      | Found an ornate altar of the Wu Jian Council.
  2783 | D:4      | Found a burning altar of Makhleb.
  2787 | D:4      | Found a blossoming altar of Fedhas.
  2788 | D:4      | Found a hazy altar of Hepliaklqana.
  3075 | D:4      | Reached skill level 7 in Long Blades
  3261 | D:5      | Entered Level 5 of the Dungeon
  3280 | D:5      | Reached * piety under Okawaru
  3770 | D:5      | Found a staircase to the Ecumenical Temple.
  3774 | D:5      | Noticed Menkaure
  3780 | D:5      | Killed Menkaure
  3781 | D:5      | Reached XP level 8. HP: 53/71 MP: 7/7
  3998 | D:5      | Reached skill level 8 in Long Blades
  4361 | D:5      | Noticed a slime creature
  4370 | D:5      | Killed a slime creature
  4786 | D:5      | Reached skill level 9 in Long Blades
  4858 | D:5      | Found a basalt altar of Yredelemnul.
  4860 | D:5      | Noticed a profane servitor
  4865 | D:5      | Found a glowing golden altar of the Shining One.
  4867 | D:5      | Noticed an angel
  4991 | D:6      | Reached ** piety under Okawaru
  5041 | D:6      | Identified the +0 plate armour "Zehabiah" {rPois rC+}
  5319 | D:6      | Reached XP level 9. HP: 63/81 MP: 8/8
  5637 | D:6      | Reached skill level 10 in Long Blades
  5745 | D:6      | Found a sparkling altar of Nemelex Xobeh.
  5871 | D:6      | Found a shadowy altar of Dithmenos.
  6479 | D:7      | Found a sand-covered staircase.
  6564 | Ossuary  | Entered an ossuary
  6602 | Ossuary  | Reached skill level 11 in Long Blades
  6651 | Ossuary  | Reached *** piety under Okawaru
  7178 | D:7      | Reached skill level 12 in Long Blades
  7378 | D:8      | Identified 2 scrolls of acquirement
  7517 | D:8      | Reached XP level 10. HP: 83/91 MP: 6/9
  7609 | D:8      | Found a viscous altar of Jiyva.
  7609 | D:8      | Noticed a glowing orange brain
  7893 | D:8      | Found a transporter.
  7949 | D:8      | Found a staircase to the Lair.
  8057 | D:8      | Found a transporter.
  8680 | D:9      | Noticed a two-headed ogre
  8692 | D:9      | Killed a two-headed ogre
  8693 | D:9      | Reached skill level 10 in Fighting
  8693 | D:9      | Reached skill level 13 in Long Blades
  8693 | D:9      | Reached skill level 10 in Armour
  9039 | D:9      | Noticed a two-headed ogre
  9043 | D:9      | Killed a two-headed ogre
  9043 | D:9      | Reached **** piety under Okawaru
  9852 | D:10     | Entered Level 10 of the Dungeon
  9888 | D:10     | Noticed an orange demon
  9899 | D:10     | Noticed a soul eater
  9925 | D:10     | Reached skill level 14 in Long Blades
 10052 | D:10     | Noticed Sonja
 10056 | Abyss:1  | Cast into level 1 of the Abyss (Sonja)
 10217 | Abyss:1  | Found a corrupted altar of Lugonu.
 10230 | Abyss:1  | Noticed a starcursed mass
 10238 | Abyss:1  | Noticed a large abomination
 10248 | Abyss:1  | Found a corrupted altar of Lugonu.
 10293 | Abyss:1  | Found a corrupted altar of Lugonu.
 10333 | Abyss:1  | Reached XP level 11. HP: 58/101 MP: 10/10
 10423 | Abyss:1  | Noticed a deep elf sorcerer
 10445 | Abyss:2  | Noticed a wretched star
 10466 | Abyss:2  | Slain by a large abomination

Illustrated notes

Levels and vault maps discovered:
D:1:      saegor_arrival_simple_e, layout_loops_ring, minmay_misc_feat_rugged
D:2:      layout_rooms, kennysheep_generic_room_16
D:3:      layout_basic, old_standard_altar, gup_sewer_entry_glass,
          dreamdust_ecumenical_altar_hidden_monk_grotto,
          hangedman_feature_mirror
D:4:      layout_loops_corners, nicolae_overflow_hallway_of_the_gods,
          minivault_19, cheibrodos_gnoll_hut
D:5:      cheibrodos_fertilizer, layout_basic, grunt_temple_overflow_holy_war,
          minmay_temple_entry_junction_2, uniq_menkaure
D:6:      layout_basic, old_standard_altar,
          nicolae_dithmenos_through_a_glass_darkly
D:7:      layout_rooms, nicolae_ossuary_entry_ruins, serial_bayou_lagoon_a
D:8:      gammafunk_jiyva_shrine, layout_layer_cave, lair_entry_dummy
D:9:      layout_roguey, kennysheep_doodads
D:10:     layout_irregular_city, kb_lookout_dungeons_type, uniq_harold,
          uniq_sonja, uniq_urug
Abyss:2:  base:
D:7

Skill      XL: |  1  2  3  4  5  6  7  8  9 10 |
---------------+-------------------------------+-----
Long Blades    | 3 4 5 6 7 9 12 14 | 14.1
Armour         | 4 5 6 7 9 10 | 10.7
Shields        | 4 5 |  5.0
Fighting       | 4 5 6 7 9 10 | 10.8

Action                     |  1- 3 |  4- 6 |  7- 9 | 10-12 || total
---------------------------+-------+-------+-------+-------++-------
  Melee: Long sword        |    88 |    97 |   349 |   155 ||   689
         Headbutt          |    21 |    15 |    76 |    35 ||   147
 Invoke: Heroism           |       |       |     5 |     9 ||    14
    Use: Scroll            |       |     2 |     8 |     5 ||    15
 Armour: Scale mail        |     5 |       |       |       ||     5
         Plate armour      |    89 |    76 |   230 |    46 ||   441
  Dodge: Dodged            |    38 |    19 |   104 |    57 ||   218
  Block: Buckler           |    25 |    27 |    72 |    24 ||   148

Table legend: (Time is in decaauts)
 A = Elapsed time spent in this place.
 B = Non-inter-level travel time spent in this place.
 C = Inter-level travel time spent in this place.
 D = Time resting spent in this place.
 E = Time spent auto-exploring this place.
 F = Levels seen in this place.
 G = Mean time per level.
                   A        B        C        D        E       F      G
               +--------+--------+--------+--------+--------+-----+--------+
         Total |  10471 |   9967 |    504 |   2343 |   5941 |  14 |  747.9 |
       Dungeon |   9775 |   9271 |    504 |   2225 |   5844 |  10 |  977.5 |
         Abyss |    406 |    406 |      0 |     83 |     37 |   2 |  203.0 |
         Sewer |    113 |    113 |      0 |     35 |     45 |   1 |  113.0 |
       Ossuary |    176 |    176 |      0 |      0 |     15 |   1 |  176.0 |
               +--------+--------+--------+--------+--------+-----+--------+

Top non-repeatable levels by time:
     D:5: 1738 daAuts
     D:9: 1254 daAuts
     D:6: 1242 daAuts
     D:4: 1101 daAuts
     D:7: 1067 daAuts
     D:8: 998 daAuts
     D:1: 864 daAuts
     D:3: 834 daAuts
     D:2: 483 daAuts
 Abyss:1: 371 daAuts
    D:10: 191 daAuts
 Ossuary: 176 daAuts
   Sewer: 113 daAuts
 Abyss:2: 35 daAuts
